 Dungeon Crawl Stone Soup version 0.31-a0-232-gb1c03b2570 (webtiles) character file.

Game seed: 9556313270515173546

443 qw the Shooter (level 7, -2/43 HPs)
             Began as a Gargoyle Hexslinger on July 7, 2023.
             Slain by a phantom (6 damage)
             ... on level 4 of the Dungeon.
             The game lasted 00:01:30 (3207 turns).

qw the Shooter (Gargoyle Hexslinger)                Turns: 3207, Time: 00:01:31

Health: -2/43      AC: 12    Str: 15    XL:     7   Next: 2%
Magic:  8/8        EV: 11    Int: 14    God:
Gold:   195        SH:  0    Dex: 14    Spells: 7/8 levels left

rFire   . . .        Y - +2 sling
rCold   + . .        (no shield)
rNeg    + + .        l - +2 leather armour of Voxaamiv {Drain rElec rC+ Str+4}
rPois   inf          (no helmet)
rElec   +            (no cloak)
rCorr   +            i - +0 pair of gloves
SInv    .            f - +0 pair of boots
Will    .....        (no amulet)
Stlth   +            g - ring of positive energy
HPRegen 0.27/turn    k - ring of resist corrosion
MPRegen 0.11/turn

%: no passive effects
@: about to teleport
A: sickness immunity, AC +4, negative energy resistance 1, electricity
resistance, torment resistance 1, petrification resistance
a: no special abilities


You were on level 4 of the Dungeon.
You visited 1 branch of the dungeon, and saw 5 of its levels.

You collected 195 gold pieces.


Innate Abilities, Weirdness & Mutations

You are immune to sickness and miasma.
Your stone body is resilient. (AC +4)
You are immune to poison.
You resist negative energy. (rN+)
You are resistant to electric shocks. (rElec)
You are resistant to unholy torment.
You are immune to petrification.


   Skills:
 - Level 4.1 Fighting
 + Level 6.0 Ranged Weapons
 - Level 1.3 Armour
 - Level 1.5 Dodging
 - Level 1.0 Spellcasting
 - Level 2.6 Hexes


You had 7 spell levels left.
You knew the following spells:

 Your Spells              Type           Power      Damage    Failure   Level
a - Slow                  Hex            32%        N/A       11%         1

Your spell library contained the following spells:

 Spells                   Type           Power      Damage    Failure   Level
 Inner Flame              Hex/Fire       4%         N/A       50%         3
 Portal Projectile        Hex/Tloc       8%         N/A       50%         3
 Cause Fear               Hex            4%         N/A       71%         4

Inventory:

Hand Weapons
 Y - a +2 sling (weapon)
Armour
 f - a +0 pair of boots (worn)
 i - a +0 pair of gloves (worn)
 l - the +2 leather armour of Voxaamiv (worn) {Drain rElec rC+ Str+4}
   (You found it on level 4 of the Dungeon)

   Str:       It affects your strength (+4).
   rC:        It protects you from cold.
   rElec:     It insulates you from electricity.
   Drain:     It drains your maximum health when unequipped.
Jewellery
 g - a ring of positive energy (left hand)
 k - a ring of resist corrosion (right hand)
Scrolls
 d - a scroll of identify
Potions
 a - a potion of curing
 j - a potion of cancellation
 m - a potion of invisibility {unknown}
 n - a potion of haste {unknown}

Dungeon Overview and Level Annotations

Branches:
Dungeon (5/15)
 Temple: D:4-7

Altars:
The Shining One

Annotations:
D:3 1 runed translucent door, Crazy Yiuf


Message History

The gnoll barely misses you. The phantom misses you.
You shoot a sling bullet.
The sling bullet barely misses the phantom.
The gnoll hits you with a +0 whip. The phantom misses you.
You shoot a sling bullet.
The sling bullet closely misses the phantom.
The gnoll hits you with a +0 whip.
The phantom hits you but does no damage.
You shoot a sling bullet.
The sling bullet barely misses the phantom.
The gnoll closely misses you. The phantom barely misses you.
You shoot a sling bullet.
The sling bullet hits the phantom but does no damage.
The phantom is severely damaged.
The gnoll hits you with a +0 whip. The phantom barely misses you.
The gnoll misses you. The phantom closely misses you.
You shoot a sling bullet.
The sling bullet barely misses the phantom.
The gnoll misses you.
The phantom hits you but does no damage.
You shoot a sling bullet.
The sling bullet barely misses the phantom.
The gnoll hits you but does no damage. The phantom closely misses you.
You shoot a sling bullet.
The sling bullet hits the phantom but does no damage.
The phantom is severely damaged.
The gnoll hits you with a +0 whip! The phantom hits you.
3205 ||| READING scroll of teleportation.
As you read the scroll of teleportation, it crumbles to dust.
You feel strangely unstable. The gnoll barely misses you.
The phantom hits you but does no damage.
You shoot a sling bullet.
The sling bullet closely misses the phantom.
The gnoll barely misses you.
The phantom hits you but does no damage.
You shoot a sling bullet.
The sling bullet closely misses the phantom.
The gnoll hits you but does no damage. The phantom hits you.
You die...

#.###..##.#..#.#.#..###.#
#.####.##.#..#.#.#.## #.#
#.#.......#..#.#.#.# #.#
#.#.##.####..#.#.#.####.#######
#.#.##...##..#.#...............
#.#.......#..#...######........
###.#####.#......................
.......##.#.#..W)................
.......##.#.###.@################
.......##.#.# ##g###
.......##.#.# #....#
.......##.#.# #....#
.......##.#.# #....# #
.......##.#.# #....# #
###.#####.#.# #....# # ###'##
#.#.# #....# #
.....####.#.###....## #


You could see a phantom and a gnoll.

Vanquished Creatures
  Grinder (D:3)
  A scorpion (D:3)
  A hound (D:4)
  2 iguanas (D:4)
  3 adders
  A gnoll (D:4)
  An ufetubus (D:4)
  2 worms (D:3)
  2 dart slugs
  5 orcs
  6 bats
  3 endoplasms
  6 giant cockroaches
  12 goblins
  5 hobgoblins
  8 kobolds
  3 quokkas
  8 ball pythons
  6 frilled lizards
  4 rats (D:1)
80 creatures vanquished.

Notes
Turn   | Place    | Note
-------+----------+-------------------------------------------
     0 | D:1      | qw the Gargoyle Hexslinger began the quest for the Orb.
     0 | D:1      | Reached XP level 1. HP: 12/12 MP: 2/2
     0 | D:1      | 0 ||| qw: Version: 0.3-a-46-gb1f654a
     0 | D:1      | 0 ||| qw: Game counter: 2244
     0 | D:1      | 0 ||| qw: Melee chars always use a shield: true
     0 | D:1      | 0 ||| qw: God list: Okawaru
     0 | D:1      | 0 ||| qw: Allow faded altars: false
     0 | D:1      | 0 ||| qw: Do Orc after clearing Dungeon:15 true
     0 | D:1      | 0 ||| qw: Do second Lair branch before Depths: true
     0 | D:1      | 0 ||| qw: Lair rune preference: random
     0 | D:1      | 0 ||| qw: Goals: Normal
     0 | D:1      | 0 ||| PLANNING D:1-11
   152 | D:1      | Reached XP level 2. HP: 16/16 MP: 3/3
   286 | D:1      | Reached skill level 3 in Ranged Weapons
   372 | D:1      | Found a faded altar of an unknown god.
   419 | D:1      | Reached XP level 3. HP: 14/21 MP: 4/4
   870 | D:1      | 870 ||| UPGRADING to +0 pair of boots.
   875 | D:1      | 875 ||| UPGRADING to +0 ring mail.
   885 | D:1      | 885 ||| DROPPING +0 robe.
   886 | D:1      | 886 ||| UPGRADING to ring of positive energy.
   887 | D:1      | 887 ||| READING scroll labelled KAC LOMITYETA.
   888 | D:1      | 888 ||| READING scroll labelled FAUXKAL FAAMP.
   893 | D:1      | 893 ||| DROPPING scroll of poison.
   948 | D:2      | Found a glowing golden altar of the Shining One.
  1030 | D:2      | Reached skill level 1 in Armour
  1088 | D:2      | Reached XP level 4. HP: 26/26 MP: 5/5
  1373 | D:2      | 1373 ||| READING scroll labelled KUXZIE HIMOXU.
  1374 | D:2      | 1374 ||| READING scroll labelled HUCRUH CITU.
  1375 | D:2      | 1375 ||| READING scroll labelled WOVADDA UBIY.
  1410 | D:3      | 1410 ||| Stepping ~*~*~tactically~*~*~ (outnumbered).
  1424 | D:3      | Noticed Grinder
  1432 | D:3      | Paralysed by Grinder for 4 turns
  1445 | D:3      | Killed Grinder
  1446 | D:3      | Reached skill level 5 in Ranged Weapons
  1446 | D:3      | Reached XP level 5. HP: 10/30 MP: 6/6
  1446 | D:3      | Reached XP level 6. HP: 12/35 MP: 7/7
  1484 | D:3      | 1484 ||| FLEEEEING.
  1485 | D:3      | 1485 ||| FLEEEEING.
  1490 | D:3      | 1490 ||| STAIRDANCE
  1561 | D:3      | Found a runed translucent door.
  1562 | D:3      | Noticed Crazy Yiuf
  1989 | D:3      | 1989 ||| READING scroll labelled UNAXTE LYOLAHA.
  1990 | D:3      | 1990 ||| DRINKING 3 silvery potions.
  1997 | D:3      | 1997 ||| DRINKING 3 brown potions.
  1998 | D:3      | 1998 ||| DROPPING 2 potions of ambrosia.
  1999 | D:3      | 1999 ||| DROPPING 2 potions of brilliance.
  2025 | D:4      | 2025 ||| STAIRDANCE
  2029 | D:3      | Reached skill level 3 in Fighting
  2498 | D:4      | Identified the +2 leather armour of Voxaamiv {Drain rElec
                  | rC+ Str+4}
  2544 | D:4      | Reached skill level 6 in Ranged Weapons
  3038 | D:4      | Reached XP level 7. HP: 40/43 MP: 8/8
  3127 | D:4      | 3127 ||| UPGRADING to +0 pair of gloves.
  3132 | D:4      | 3132 ||| UPGRADING to +2 leather armour of Voxaamiv {Drain
                  | rElec rC+ Str+4}.
  3142 | D:4      | 3142 ||| DROPPING +0 ring mail.
  3143 | D:4      | 3143 ||| UPGRADING to ring of resist corrosion.
  3144 | D:4      | 3144 ||| READING scroll labelled ADDOETUSUACW.
  3145 | D:4      | 3145 ||| READING scroll labelled HUYMUD LAMUDD.
  3146 | D:4      | 3146 ||| READING 4 scrolls of identify.
  3146 | D:4      | 3146 ||| IDENTIFYING ruby potion
  3147 | D:4      | 3147 ||| READING 3 scrolls of identify.
  3147 | D:4      | 3147 ||| IDENTIFYING fizzy pink potion
  3148 | D:4      | 3148 ||| READING 2 scrolls of identify.
  3148 | D:4      | 3148 ||| IDENTIFYING fizzy purple potion
  3149 | D:4      | 3149 ||| DROPPING potion of lignification.
  3182 | D:5      | Entered Level 5 of the Dungeon
  3187 | D:5      | 3187 ||| STAIRDANCE
  3204 | D:4      | HP: 6/43 [gnoll/+0 whip (7)]
  3205 | D:4      | 3205 ||| READING scroll of teleportation.
  3207 | D:4      | Slain by a phantom

Levels and vault maps discovered:
D:1:      saegor_arrival_miasma, layout_basic,
          hellmonk_ecumenical_altar_inner_sanctum
D:2:      layout_rooms, basic_altar, kennysheep_boxes
D:3:      layout_rooms, uniq_grinder, uniq_crazy_yiuf_cottage
D:4:      layout_basic
D:5:      layout_rooms, grunt_gozag_statues, kennysheep_little_box

Skill      XL: |  1  2  3  4  5  6 |
---------------+-------------------+-----
Ranged Weapons | 3 5 6 |  6.0
Fighting       | 2 4 |  4.1
Armour         | 1 |  1.3
Dodging        | |  1.5
Spellcasting   | |  1.0
Hexes          | |  2.6

Action                     |  1- 3 |  4- 6 |  7- 9 || total
---------------------------+-------+-------+-------++-------
   Fire: Sling             |   166 |   170 |    22 ||   358
    Use: Scroll            |     2 |     4 |     6 ||    12
         Potion            |       |     2 |       ||     2
 Armour: Robe              |    17 |       |       ||    17
         Ring mail         |     3 |    78 |       ||    81
         Leather armour    |       |       |    18 ||    18
  Dodge: Dodged            |    47 |    75 |    23 ||   145

Table legend:
 A = Non-vault XP
 B = Vault XP
 C = Vault XP percentage of total XP
 D = Non-vault monster count
 E = Vault monster count
 F = Vault count percentage of total count
                 A         B        C        D         E       F
            +---------+---------+-------+---------+---------+-------
      Total |     385 |     249 |  39.3 |      79 |       1 |   1.2
            +---------+---------+-------+---------+---------+-------
        D:1 |      55 |       0 |   0.0 |      34 |       0 |   0.0
        D:2 |      27 |       0 |   0.0 |      11 |       0 |   0.0
        D:3 |     135 |     249 |  64.8 |      20 |       1 |   4.8
        D:4 |     168 |       0 |   0.0 |      14 |       0 |   0.0
            +---------+---------+-------+---------+---------+-------
